 Dungeon Crawl Stone Soup version 0.20.0 (webtiles) character file.

38 Danakh the Magician (level 3, 0/26 HPs)
             Began as a Mummy Arcane Marksman on May 31, 2017.
             Slain by an adder (2 damage)
             ... on level 1 of the Dungeon.
             The game lasted 00:03:16 (1147 turns).

Danakh the Magician (Mummy Arcane Marksman)         Turns: 1147, Time: 00:03:17

Health: 0/26       AC:  2    Str: 13    XL:     3   Next: 25%
Magic:  8/8        EV: 12    Int: 13    God:
Gold:   54         SH:  0    Dex: 12    Spells: 8/9 levels left

rFire    x . .     SeeInvis .   h - +0 mace
rCold    + . .     Gourm    .   (no shield)
rNeg     + + +     Faith    .   a - +0 robe
rPois    ∞         Spirit   .   (no helmet)
rElec    .         Reflect  .   (no cloak)
rCorr    .         Harm     .   (no gloves)
MR       .....                  (no boots)
Stlth    +.........             (no amulet)
Regen    0.1/turn               (no ring)
MPRegen  0.2/turn               (no ring)

@: no status effects
A: no food or potions, fire vulnerability, cold resistance 1, negative energy
resistance 3, torment resistance, unbreathing
a: no special abilities


You were on level 1 of the Dungeon.
You were not hungry.

You visited 1 branch of the dungeon, and saw 2 of its levels.

You collected 54 gold pieces.

Inventory:

Hand Weapons
 h - a +0 mace (weapon)
Missiles
 c - 3 javelins (quivered)
Armour
 a - a +0 robe (worn)
Scrolls
 d - a scroll of remove curse {unknown}
 e - a scroll of enchant armour {unknown}
 f - a scroll of fear {unknown}
 g - a scroll of immolation {unknown}
 i - 2 scrolls of identify {unknown}
 j - a scroll of amnesia {unknown}
Books
 b - a book of Debilitation

   Spells                             Type                      Level
   a - Corona                         Hexes                        1
   b - Slow                           Hexes                        2
   c - Inner Flame                    Hexes/Fire                   3
   d - Portal Projectile              Hexes/Translocation          3
   e - Cause Fear                     Hexes                        4
   f - Leda's Liquefaction            Hexes/Earth                  4


   Skills:
 - Level 1.0 Fighting
 - Level 1.5 Throwing
 - Level 1.5 Dodging
 * Level 3.6 Spellcasting
 + Level 3.0 Hexes


You had 8 spell levels left.
You knew the following spells:

 Your Spells              Type           Power        Failure   Level  Hunger
a - Corona                Hex            ##.....      6%          1    N/A

Dungeon Overview and Level Annotations

Branches:
Dungeon (2/15)

Altars:


Innate Abilities, Weirdness & Mutations

You do not eat or drink.
Your flesh is vulnerable to fire.
You are immune to poison.
Your flesh is cold resistant. (rC+)
You are immune to negative energy. (rN+++)
You are immune to unholy pain and torment.
You can survive without breathing.


Message History

The adder is moderately wounded.
The adder bites you.
* * * LOW HITPOINT WARNING * * *
The adder misses you.
You miss the adder.
The adder is moderately wounded.
The adder completely misses you. The adder bites you but does no damage.
You closely miss the adder.
The adder is moderately wounded.
The adder closely misses you.
You miss the adder.
The adder is moderately wounded.
The adder bites you.
* * * LOW HITPOINT WARNING * * *
The adder bites you.
* * * LOW HITPOINT WARNING * * *
You miss the adder.
The adder is moderately wounded.
The adder barely misses you. The adder bites you.
You die...

.....#......###..###......#######
....###......###.#...##........†.
...## ##......##.#.......########
..## ##......#.#[#####.# .##
##.).....#.# #.# ## ##..>.....#
#.# .## ##..)...l### #.## ..##
##......#S# #..## ...##
##......##@#######...##
....###......###.#..........#####
.....#......###..#####...........
...........####.######......#####
#.........## #..##.........##
##.......## ##.###.###....##
##.....## ##..# #.####..## #
##...## ##..## #.......# ## ##.##
##..## #######.#


You could see an adder and a frilled lizard.

Vanquished Creatures
  An ooze (D:1)
  2 dart slugs (D:1)
  2 giant cockroaches (D:1)
  6 goblins (D:1)
  3 hobgoblins (D:1)
  3 jackals (D:1)
  4 bats (D:1)
  A frilled lizard (D:1)
  A kobold (D:1)
  4 rats (D:1)
27 creatures vanquished.

Notes
Turn   | Place    | Note
-------+----------+-------------------------------------------
     0 | D:1      | Danakh the Mummy Arcane Marksman began the quest for the Orb.
     0 | D:1      | Reached XP level 1. HP: 15/15 MP: 2/2
   160 | D:1      | Reached XP level 2. HP: 18/21 MP: 0/5
   857 | D:1      | Reached XP level 3. HP: 22/26 MP: 7/7
  1147 | D:1      | Slain by an adder

Skill      XL: |  1  2 |
---------------+-------+-----
Spellcasting   | 2 3 |  3.6
Hexes          | 3 |  3.0
Fighting       | |  1.0
Throwing       | |  1.5
Dodging        | |  1.5

Action                   || total
-------------------------++-------
Melee: Mace              ||    63
       Unarmed           ||     9
Throw: Javelin           ||    23
       Throwing net      ||     2
 Cast: Corona            ||     6
Armor: Robe              ||    32
Dodge: Dodged            ||    65
